cohdb
Replays
Latest Replays
All Replays
Popular Replays
Top Player Replays
Match Explorer
How It Works
Community
CoH3 Stats
Reddit
Sign in to upload your games and track your stats! →
Sign in with Steam
Match 43346925
Unlisted
Match 43346925
Overview
Messages
Build Orders
End
Construct Section Command Post
Vickers Machine Gun Team
Selects Canadian Shock Battlegroup
Dingo Light Scout Car
Infantry Section
Infantry Section
Grenade Package
Selects Attacking Spirit
Selects Canadian Shock Section
Canadian Shock Section
Construct Platoon Command Post
Selects Incendiary Munitions
Unlock Bishop Self-propelled Artillery
Canadian Shock Section
Infantry Training
Construct Company Command Post
Selects Smoke Operation
Smoke Operation
Selects Pyrotechnics
Unlock M3 Grant Medium Tanks
Foot Guards Section
Foot Guards Section
M3 Grant Medium Tank
B1t
SkyCurv
The Boogyman
MeleeKeeper
Yukikaze
High Voltage
Dr. Anubis
Kevege
0
0
Comments
sign in to comment!
No comments posted yet!